 Dungeon Crawl Stone Soup version 0.26-a0-1205-g4083c211ab (webtiles) character file.

Game seed: 148221945649814052

207 sanka the Grave Robber (level 5, 0/37 HPs)
             Began as a Mummy Necromancer on Dec 29, 2020.
             Slain by a bullfrog (5 damage)
             ... on level 6 of the Dungeon.
             The game lasted 00:06:34 (3546 turns).

sanka the Grave Robber (Mummy Necromancer)          Turns: 3546, Time: 00:06:34

Health: 0/37       AC:  3    Str: 11    XL:     5   Next: 54%
Magic:  9/9        EV: 12    Int: 15    God:
Gold:   150        SH:  0    Dex: 13    Spells: 5/10 levels left

rFire    x . .     SeeInvis .   a - +4 dagger
rCold    + + .     Faith    .   (no shield)
rNeg     + + +     Spirit   .   e - +0 robe
rPois    ∞         Reflect  .   l - +0 helmet
rElec    .         Harm     .   (no cloak)
rCorr    .         Rampage  .   (no gloves)
Will     .....                  (no boots)
Stlth    ++........             k - amulet of regeneration
HPRegen  0.52/turn              g - ring of protection from cold
MPRegen  0.11/turn              d - ring of wizardry

@: no status effects
A: no potions, fire vulnerability, cold resistance 1, negative energy resistance
3, torment resistance, unbreathing
a: no special abilities


You were on level 6 of the Dungeon.
You visited 1 branch of the dungeon, and saw 4 of its levels.

You collected 150 gold pieces.


Innate Abilities, Weirdness & Mutations

You do not drink.
Your flesh is vulnerable to fire.
You are immune to poison.
Your flesh is cold resistant. (rC+)
You are immune to negative energy. (rN+++)
You are immune to unholy pain and torment.
You can survive without breathing.


   Skills:
 + Level 1.2 Fighting
 + Level 2.0 Dodging
 - Level 1.5 Stealth
 - Level 3.0 Spellcasting
 + Level 6.4 Necromancy


You had 5 spell levels left.
You knew the following spells:

 Your Spells              Type           Power        Failure   Level
x - Vampiric Draining     Necr           10%          1%          3
z - Pain                  Necr           84%          1%          1
Z - Animate Skeleton      Necr           42%          1%          1

Your spell library contained the following spells:

 Spells                   Type           Power        Failure   Level
 Animate Dead             Necr           10%          6%          4
 Apportation              Tloc           4%           9%          1
 Corona                   Hex            2%           9%          1
 Summon Small Mammal      Summ           8%           9%          1
 Agony                    Necr           21%          16%         5

Inventory:

Hand Weapons
 a - a +4 dagger (weapon)
 c - a +0 short sword
Armour
 e - a +0 robe (worn)
 l - a +0 helmet (worn)
Jewellery
 d - a ring of wizardry (right hand)
 g - a ring of protection from cold (left hand)
 k - an amulet of regeneration (around neck)
Scrolls
 b - 2 scrolls of immolation {!r}
 f - 2 scrolls of remove curse
 j - a scroll of identify {@r1}

Dungeon Overview and Level Annotations

Branches:
Dungeon (3/15)

Altars:

▒ ▒...▒. .. ▒.▒▒.....
.... ▒▒.▒...£.▒ ▒.....!
▒........▒▒.......
...........▒ ▒..
..▒▒......▒..▒ ▒..
..........#..▒▒▒..
▒.M###.......
▒▒SF##...▒▒..▒▒ ▒.
▒▒.##g#..▒▒g...▒ ...
......#####▒▒▒▒▒g▒....
.......#####▒▒▒▒.......
>.▒▒..######▒.▒▒.......
. ▒.......###..g.......
...............▒......
...............▒...:g.


You could see a bullfrog, a gnoll (inner flame) and an adder (inner flame).


Message History

The adder barely misses you.
Found a scroll labelled SIOVEELUAF.
The bullfrog hits you but does no damage.
The bullfrog hits you.
* * * LOW HITPOINT WARNING * * *
The adder barely misses you.
The bullfrog hits you but does no damage.
Found 15 gold pieces and a scroll of identify.
The bullfrog completely misses you.
As you read the scroll labelled ILAF JOUPROPT, it crumbles to dust.
The scroll dissolves into smoke.
It was a scroll of fog.
The bullfrog hits you.
* * * LOW HITPOINT WARNING * * *
The adder bites you.
* * * LOW HITPOINT WARNING * * *
The bullfrog closely misses you.
As you read the scroll labelled SUNIUQOIXI, it crumbles to dust.
Your bandages flutter.
It was a scroll of random uselessness.
The adder closely misses you. The bullfrog hits you.
* * * LOW HITPOINT WARNING * * *
The bullfrog hits you but does no damage.
The adder bites you.
* * * LOW HITPOINT WARNING * * *
Found 18 gold pieces.
Found a stone staircase leading down.
The bullfrog hits you.
You die...

Action                   |  1- 3 |  4- 6 || total
-------------------------+-------+-------++-------
Melee: Dagger            |     7 |    27 ||    34
 Cast: Pain              |    61 |    71 ||   132
       Animate Skeleton  |     7 |     6 ||    13
       Vampiric Draining |     2 |       ||     2
  Use: Scroll            |       |     6 ||     6
 Stab: Sleeping          |       |     1 ||     1
Armor: Robe              |     3 |    13 ||    16
Dodge: Dodged            |    13 |    32 ||    45

Levels and vault maps discovered:
D:1:      psy_arrival_statuary, layout_loops_cross
D:2:      layout_basic, uniq_terence
D:3:      layout_basic, minmay_close_crescents
D:6:      layout_cave_pools

Notes
Turn   | Place    | Note
-------+----------+-------------------------------------------
     0 | D:1      | sanka the Mummy Necromancer began the quest for the Orb.
     0 | D:1      | Reached XP level 1. HP: 13/13 MP: 4/4
    60 | D:1      | Reached skill level 3 in Spellcasting
   338 | D:1      | Reached XP level 2. HP: 19/19 MP: 4/6
   643 | D:1      | Learned a level 1 spell: Animate Skeleton
  1235 | D:2      | Reached skill level 5 in Necromancy
  1235 | D:2      | Reached XP level 3. HP: 19/24 MP: 1/7
  1295 | D:2      | Learned a level 3 spell: Vampiric Draining
  1544 | D:2      | Noticed Terence
  1580 | D:2      | Killed Terence
  1581 | D:2      | Reached XP level 4. HP: 21/30 MP: 0/8
  2028 | D:2      | Reached skill level 6 in Necromancy
  2988 | D:3      | Reached XP level 5. HP: 30/35 MP: 2/9
  3102 | D:3      | Reached skill level 1 in Fighting
  3203 | D:3      | Reached skill level 2 in Dodging
  3546 | D:6      | Slain by a bullfrog

Vanquished Creatures
  A water moccasin skeleton (D:3)
  Terence (D:2)
  6 adders
  A worm (D:2)
  3 dart slugs
  4 leopard geckos
  An orc (D:3)
  3 giant cockroaches
  9 goblins
  15 hobgoblins
  2 jackals (D:2)
  A quokka (D:3)
  5 bats
  3 frilled lizards
  4 kobolds
  8 rats
67 creatures vanquished.
